MLB
CALIFORNIA ANGELS @ ARIZONA DIAMONDBACKS
09/18/2046
 
TOP OF THE 1ST
California Angels batting - Pitching for Arizona Diamondbacks : LHP Murphy Quirk
Pitching: LHP Murphy Quirk
Batting: RHB Bjoern Waltersson 0-0: Ball
1-0: Swinging Strike
1-1: Called Strike
1-2: Strikes out swinging
Batting: RHB Alain Delhaye 0-0: Called Strike
0-1: Foul Ball, location: 2F
0-2: Strikes out swinging
Batting: RHB Preston Deakyne 0-0: Called Strike
0-1: Swinging Strike
0-2: Foul Ball, location: 2F
0-2: Strikes out swinging
Top of the 1st over - 0 runs, 0 hits, 0 errors, 0 left on base; California 0 - Arizona 0
BOTTOM OF THE 1ST
Arizona Diamondbacks batting - Pitching for California Angels : RHP Gus Morante
Pitching: RHP Gus Morante
Batting: LHB Roy Steigerwald 0-0: Ball
1-0: Ground out 4-3 (Groundball, 4, EV 107.5 MPH)
Batting: RHB Katilimomi Kelekolio 0-0: Foul Ball, location: 2F
0-1: Foul Ball, location: 2F
0-2: Ball
1-2: SINGLE (Groundball, 34D, EV 94.4 MPH)
Batting: LHB Joel Kunkler 0-0: Called Strike
0-1: Swinging Strike
0-2: Ball
Katilimomi Kelekolio steals 2nd base
1-2: Strikes out swinging
Batting: SHB Alec Thorpe 0-0: Called Strike
0-1: Called Strike
0-2: Ball
1-2: Foul Ball, location: 2F
1-2: Ground out 6-3 (Groundball, 6, EV 103.8 MPH)
Bottom of the 1st over - 0 runs, 1 hit, 0 errors, 1 left on base; California 0 - Arizona 0
TOP OF THE 2ND
California Angels batting - Pitching for Arizona Diamondbacks : LHP Murphy Quirk
Batting: RHB Mike Harkins 0-0: Foul Ball, location: 2F
0-1: Ball
1-1: Swinging Strike
1-2: Ground out 6-3 (Groundball, 6, EV 89.4 MPH)
Batting: RHB Nick Dunn 0-0: Ball
1-0: Ball
2-0: Foul Ball, location: 2F
2-1: Fly out, F8 (Line Drive, 78M, EV 93.1 MPH)
Batting: RHB Jasper Burd 0-0: Called Strike
0-1: Foul Ball, location: 2F
0-2: Foul Ball, location: 2F
0-2: Ball
1-2: Ground out 5-3 (Groundball, 56, EV 86.2 MPH)
Top of the 2nd over - 0 runs, 0 hits, 0 errors, 0 left on base; California 0 - Arizona 0
BOTTOM OF THE 2ND
Arizona Diamondbacks batting - Pitching for California Angels : RHP Gus Morante
Batting: RHB David Price Jr. 0-0: Called Strike
0-1: Ball
1-1: Swinging Strike
1-2: Ball
2-2: Ball
3-2: Foul Ball, location: 2F
3-2: Foul Ball, location: 2F
3-2: Strikes out swinging
Batting: LHB Eric Klasek 0-0: Ball
1-0: Called Strike
1-1: Called Strike
1-2: Fly out, F9 (Flyball, 9LM, EV 106.2 MPH)
Batting: SHB Perry Tuckfard 0-0: Foul Ball, location: 2F
0-1: Ball
1-1: Ball
2-1: Swinging Strike
2-2: Ball
3-2: Base on Balls
Batting: RHB Andy Swaim 0-0: Swinging Strike
0-1: Ball
Perry Tuckfard is caught stealing 2nd base 2-4
Bottom of the 2nd over - 0 runs, 0 hits, 0 errors, 0 left on base; California 0 - Arizona 0
TOP OF THE 3RD
California Angels batting - Pitching for Arizona Diamondbacks : LHP Murphy Quirk
Batting: RHB Danny Odom 0-0: Ball
1-0: Ball
2-0: Called Strike
2-1: Ball
3-1: Foul Ball, location: 2F
3-2: Strikes out swinging
Batting: LHB Rusty Ney 0-0: Ball
1-0: Foul Ball, location: 2F
1-1: Foul Ball, location: 2F
1-2: Foul Ball, location: 2F
1-2: Strikes out looking
Batting: LHB Javier Trujillo 0-0: Called Strike
0-1: Ball
1-1: Called Strike
1-2: Foul Ball, location: 2F
1-2: Ground out 4-3 (Groundball, 4D, EV 105.0 MPH)
Top of the 3rd over - 0 runs, 0 hits, 0 errors, 0 left on base; California 0 - Arizona 0
BOTTOM OF THE 3RD
Arizona Diamondbacks batting - Pitching for California Angels : RHP Gus Morante
Batting: RHB Andy Swaim 0-0: Called Strike
0-1: Fly out, F9 (Flyball, 9LM, EV 94.4 MPH)
Batting: LHB Armando Carbajal 0-0: Called Strike
0-1: Swinging Strike
0-2: Strikes out swinging
Batting: LHB Roy Steigerwald 0-0: Ball
1-0: Fly out, F7 (Flyball, 7, EV 78.8 MPH)
Bottom of the 3rd over - 0 runs, 0 hits, 0 errors, 0 left on base; California 0 - Arizona 0
TOP OF THE 4TH
California Angels batting - Pitching for Arizona Diamondbacks : LHP Murphy Quirk
Batting: RHB Bjoern Waltersson 0-0: Ball
1-0: Ground out 5-3 (Groundball, 56, EV 85.6 MPH)
Batting: RHB Alain Delhaye 0-0: Ball
1-0: Swinging Strike
1-1: Swinging Strike
1-2: Strikes out looking
Batting: RHB Preston Deakyne 0-0: Ball
1-0: Called Strike
1-1: Ball
2-1: Fly out, F8 (Flyball, 78XD, EV 103.1 MPH)
Top of the 4th over - 0 runs, 0 hits, 0 errors, 0 left on base; California 0 - Arizona 0
BOTTOM OF THE 4TH
Arizona Diamondbacks batting - Pitching for California Angels : RHP Gus Morante
Batting: RHB Katilimomi Kelekolio 0-0: Ball
1-0: Ball
2-0: Called Strike
2-1: Ball
3-1: Base on Balls
Batting: LHB Joel Kunkler 0-0: Ball
1-0: Ball
Katilimomi Kelekolio steals 2nd base
2-0: Ball
3-0: Base on Balls
Batting: SHB Alec Thorpe 0-0: Swinging Strike
0-1: Called Strike
0-2: Ball
1-2: Strikes out looking
Batting: RHB David Price Jr. 0-0: Called Strike
0-1: Foul Ball, location: 2F
0-2: Ball
1-2: Foul Ball, location: 2F
1-2: Ball
2-2: SINGLE (Groundball, 4MD, EV 100.0 MPH)
Katilimomi Kelekolio to third
Joel Kunkler to second
Runner from 3rd tries for Home, throw by CF and OUT! 8-2
Batting: LHB Eric Klasek 0-0: Ball
1-0: Hit by Pitch
Joel Kunkler to third
David Price Jr. to second
Batting: SHB Perry Tuckfard 0-0: Ball
1-0: Ball
2-0: TRIPLE (Flyball, 78XD, EV 90.6 MPH)
Joel Kunkler scores
David Price Jr. scores
Eric Klasek scores
Batting: RHB Andy Swaim 0-0: Ball
1-0: Ball
2-0: Fly out, F7 (Flyball, 78D, EV 110.6 MPH)
Bottom of the 4th over - 3 runs, 2 hits, 0 errors, 1 left on base; California 0 - Arizona 3
TOP OF THE 5TH
California Angels batting - Pitching for Arizona Diamondbacks : LHP Murphy Quirk
Batting: RHB Mike Harkins 0-0: Ball
1-0: Fly out, F8 (Flyball, 8LM, EV 75.6 MPH)
Batting: RHB Nick Dunn 0-0: Foul Ball, location: 2F
0-1: Ground out 6-3 (Groundball, 6, EV 98.8 MPH)
Batting: RHB Jasper Burd 0-0: Ball
1-0: Called Strike
1-1: Foul Ball, location: 2F
1-2: Ground out 6-3 (Groundball, 6, EV 81.9 MPH)
Top of the 5th over - 0 runs, 0 hits, 0 errors, 0 left on base; California 0 - Arizona 3
BOTTOM OF THE 5TH
Arizona Diamondbacks batting - Pitching for California Angels : RHP Gus Morante
Batting: LHB Armando Carbajal 0-0: Called Strike
0-1: Foul Ball, location: 2F
0-2: Ball
1-2: Foul Ball, location: 2F
1-2: Strikes out looking
Batting: LHB Roy Steigerwald 0-0: Foul Ball, location: 2F
0-1: Swinging Strike
0-2: Ball
1-2: Ball
2-2: Fly out, F8 (Line Drive, 8LD, EV 102.5 MPH)
Batting: RHB Katilimomi Kelekolio 0-0: Swinging Strike
0-1: Swinging Strike
0-2: Ball
1-2: Strikes out swinging
Bottom of the 5th over - 0 runs, 0 hits, 0 errors, 0 left on base; California 0 - Arizona 3
TOP OF THE 6TH
California Angels batting - Pitching for Arizona Diamondbacks : LHP Murphy Quirk
Batting: RHB Danny Odom 0-0: Ball
1-0: Called Strike
1-1: Ball
2-1: Foul Ball, location: 2F
2-2: Foul Ball, location: 2F
2-2: Strikes out swinging
Batting: LHB Rusty Ney 0-0: Ball
1-0: Ball
2-0: Called Strike
2-1: Foul Ball, location: 2F
2-2: Strikes out looking
Batting: LHB Javier Trujillo 0-0: DOUBLE (Popup, 3D, EV 61.2 MPH)
Batting: RHB Bjoern Waltersson 0-0: Swinging Strike
0-1: Foul Ball, location: 2F
0-2: Strikes out swinging
Top of the 6th over - 0 runs, 1 hit, 0 errors, 1 left on base; California 0 - Arizona 3
BOTTOM OF THE 6TH
Arizona Diamondbacks batting - Pitching for California Angels : RHP Gus Morante
Batting: LHB Joel Kunkler 0-0: Ball
1-0: Swinging Strike
1-1: SINGLE (Groundball, 56D, EV 103.8 MPH)
Batting: SHB Alec Thorpe 0-0: Called Strike
0-1: Grounds into double play, U3-6 (Groundball, 3L, EV 105.6 MPH)
Batting: RHB David Price Jr. 0-0: Ball
1-0: Fly out, F5 (Line Drive, 5, EV 66.2 MPH)
Bottom of the 6th over - 0 runs, 1 hit, 0 errors, 0 left on base; California 0 - Arizona 3
TOP OF THE 7TH
California Angels batting - Pitching for Arizona Diamondbacks : LHP Murphy Quirk
Batting: RHB Alain Delhaye 0-0: Ball
1-0: Foul Ball, location: 2F
1-1: Foul Ball, location: 2F
1-2: Foul Ball, location: 2F
1-2: Strikes out swinging
Batting: RHB Preston Deakyne 0-0: Called Strike
0-1: Foul Ball, location: 2F
0-2: Ball
1-2: Strikes out swinging
Batting: RHB Mike Harkins 0-0: Swinging Strike
0-1: Fly out, F7 (Flyball, 7LS, EV 79.4 MPH)
Top of the 7th over - 0 runs, 0 hits, 0 errors, 0 left on base; California 0 - Arizona 3
BOTTOM OF THE 7TH
Arizona Diamondbacks batting - Pitching for California Angels : RHP Gus Morante
Pitching: RHP Ben Sedlacek
Batting: LHB Eric Klasek 0-0: Called Strike
0-1: Fly out, F7 (Flyball, 7LM, EV 105.6 MPH)
Batting: SHB Perry Tuckfard 0-0: Ball
1-0: Ground out 6-3 (Groundball, 6MS, EV 91.9 MPH)
Batting: RHB Andy Swaim 0-0: Ball
1-0: Ball
2-0: Foul Ball, location: 2F
2-1: Ball
3-1: Base on Balls
Batting: LHB Armando Carbajal 0-0: Called Strike
0-1: Foul Ball, location: 2F
0-2: Foul Ball, location: 2F
0-2: Foul Ball, location: 2F
0-2: Ball
1-2: Foul Ball, location: 2F
1-2: Ball
Andy Swaim steals 2nd base
2-2: Fly out, F8 (Line Drive, 78M, EV 88.1 MPH)
Bottom of the 7th over - 0 runs, 0 hits, 0 errors, 1 left on base; California 0 - Arizona 3
TOP OF THE 8TH
California Angels batting - Pitching for Arizona Diamondbacks : LHP Murphy Quirk
Pitching: LHP Chris Baran
Batting: RHB Nick Dunn 0-0: Ball
1-0: Foul Ball, location: 2F
1-1: Foul Ball, location: 2F
1-2: Ball
2-2: Foul Ball, location: 2F
2-2: Ball
3-2: SINGLE (Line Drive, 9LM, EV 101.9 MPH)
Batting: RHB Jasper Burd 0-0: SINGLE (Line Drive, 89M, EV 93.1 MPH)
Nick Dunn to second
Batting: RHB Danny Odom 0-0: Ball
1-0: Ball
2-0: Swinging Strike
2-1: Foul Ball, location: 2F
2-2: SINGLE (Line Drive, 34D, EV 101.9 MPH)
Nick Dunn to third
Jasper Burd to second
Pinch Hitting: RHB Avery Maxwell 0-0: Foul Ball, location: 2F
0-1: Ball
1-1: Swinging Strike
1-2: Strikes out swinging
Batting: LHB Javier Trujillo 0-0: Swinging Strike
0-1: Swinging Strike
0-2: Ball
1-2: Strikes out swinging
Batting: RHB Bjoern Waltersson 0-0: Called Strike
0-1: Foul Ball, location: 2F
0-2: Ball
1-2: Foul Ball, location: 2F
1-2: Strikes out swinging
Top of the 8th over - 0 runs, 3 hits, 0 errors, 3 left on base; California 0 - Arizona 3
BOTTOM OF THE 8TH
Arizona Diamondbacks batting - Pitching for California Angels : RHP Ben Sedlacek
Now in RF: Jack Bell
Batting: LHB Roy Steigerwald 0-0: Fly out, F9 (Flyball, 9, EV 94.4 MPH)
Batting: RHB Katilimomi Kelekolio 0-0: Ball
1-0: Foul Ball, location: 2F
1-1: Foul Ball, location: 2F
1-2: Ball
2-2: Strikes out swinging
Batting: LHB Joel Kunkler 0-0: Foul Ball, location: 2F
0-1: Ball
1-1: SOLO HOME RUN (Flyball, 9D, EV 103.8 MPH), Distance : 406 ft
Batting: SHB Alec Thorpe 0-0: Called Strike
0-1: SINGLE (Groundball, 6MD, EV 108.8 MPH)
Batting: RHB David Price Jr. 0-0: Ball
1-0: Called Strike
1-1: Foul Ball, location: 2F
1-2: Fly out, F8 (Flyball, 8RXD, EV 109.4 MPH)
Bottom of the 8th over - 1 run, 2 hits, 0 errors, 1 left on base; California 0 - Arizona 4
TOP OF THE 9TH
California Angels batting - Pitching for Arizona Diamondbacks : LHP Chris Baran
Pitching: RHP Rich Ortega
Batting: RHB Alain Delhaye 0-0: Called Strike
0-1: Swinging Strike
0-2: Foul Ball, location: 2F
0-2: Ball
1-2: Foul Ball, location: 2F
1-2: Ball
2-2: Strikes out looking
Batting: RHB Preston Deakyne 0-0: Called Strike
0-1: Ball
1-1: Foul Ball, location: 2F
1-2: Ball
2-2: Foul Ball, location: 2F
2-2: Strikes out looking
Batting: RHB Mike Harkins 0-0: Swinging Strike
0-1: Called Strike
0-2: Strikes out swinging
Top of the 9th over - 0 runs, 0 hits, 0 errors, 0 left on base; California 0 - Arizona 4
Tuesday, September 13th , 2022 - OOTP Baseball 23.7 Build 88